 Dungeon Crawl Stone Soup version 0.18-a0-1147-g8e8348b (webtiles) character file.

13102 patman the Fighter (level 11, -13/105 HPs)
             Began as a Centaur Gladiator on Jan 22, 2016.
             Was a Priest of Fedhas.
             Mangled by an ettin
             ... wielding a +2 dire flail of holy wrath
              (15 damage)
             ... on level 2 of the Orcish Mines.
             The game lasted 00:31:56 (10837 turns).

patman the Fighter (Centaur Gladiator)             Turns: 10837, Time: 00:31:57

Health: -13/105    AC: 14    Str: 18    XL:     11   Next: 71%
Magic:  11/11      EV: 12    Int:  7    God:    Fedhas [***...]
Gold:   581        SH:  0    Dex: 13    Spells: 0 memorised, 10 levels left

rFire  . . .     SeeInvis .     a - +1 quarterstaff (drain)
rCold  . . .     Gourm    .     J - +0 leather armour {MR+}
rNeg   . . .     Faith    .     (shield currently unavailable)
rPois  +         Spirit   .     (helmet restricted)
rElec  .         Dismiss  .     N - +0 cloak {rPois}
rCorr  .         Reflect  .     p - +2 pair of gloves
SustAt .         Harm     .     (no barding)
MR     +....                    (no amulet)
Stlth  +.........               (no ring)
                                M - +4 ring of protection

@: very quick, somewhat resistant to hostile enchantments, very unstealthy
A: hooves 3, horns 1, repulsion field 1, deformed body, speed 2, tough skin 3
a: Evolution, Sunlight, Growth, Renounce Religion


You were on level 2 of the Orcish Mines.
You worshipped Fedhas.
Fedhas was most pleased with you.
You were not hungry.

You visited 3 branches of the dungeon, and saw 13 of its levels.

You collected 621 gold pieces.
You spent 40 gold pieces at shops.

Inventory:

Hand Weapons
 a - a +1 quarterstaff of draining (weapon)
 s - a +0 blowgun
 H - a +2 battleaxe of chopping
Missiles
 d - 3 throwing nets
 r - 7 poisoned tomahawks (quivered)
 t - 26 poisoned needles
 w - 19 javelins
 U - 7 curare-tipped needles
Armour
 p - a +2 pair of gloves (worn)
 D - a +0 shield
 J - a +0 leather armour of magic resistance (worn)
 N - a +0 cloak of poison resistance (worn)
Jewellery
 z - an uncursed ring of fire
 G - an uncursed amulet of dismissal
 M - a +4 ring of protection (left hand)
Wands
 k - a wand of flame (8/48)
 o - a wand of heal wounds (5/9)
 x - a wand of confusion (40/48)
 y - a wand of random effects (6/48)
 L - a wand of frost (20/48)
 P - a wand of paralysis (8/24)
 R - a wand of random effects (12/48)
 T - a wand of cold (5/15)
Scrolls
 c - a scroll of blinking
 g - 3 scrolls of remove curse
 h - 2 scrolls of magic mapping
 i - 6 scrolls of teleportation
 q - a scroll of enchant weapon
 B - a scroll of brand weapon
Potions
 b - a potion of magic
 e - 3 potions of lignification
 j - 6 potions of brilliance
 m - 2 potions of resistance
 n - 2 potions of poison
 A - a potion of berserk rage {unknown}
 E - a potion of cancellation {unknown}
 I - a potion of flight
 K - a potion of haste {unknown}
 Q - a potion of heal wounds {unknown}
 S - a potion of cure mutation {unknown}
Books
 C - a book of Callings

   Spells                             Type                      Level
   a - Summon Small Mammal            Summoning                    1
   b - Call Imp                       Summoning                    2
   c - Call Canine Familiar           Summoning                    3
   d - Summon Guardian Golem          Hexes/Summoning              3
   e - Summon Lightning Spire         Summoning/Air                4
   f - Summon Ice Beast               Ice/Summoning                4
 O - a book of Necromancy

   Spells                             Type                      Level
   a - Pain                           Necromancy                   1
   b - Animate Skeleton               Necromancy                   1
   c - Vampiric Draining              Necromancy                   3
   d - Regeneration                   Charms/Necromancy            3
   e - Animate Dead                   Necromancy                   4
   f - Control Undead                 Necromancy                   4
Comestibles
 f - 9 bread rations
 l - 8 slices of pizza
 u - 6 meat rations
 F - 14 fruits


   Skills:
 - Level 12.7 Fighting
 - Level 6.5 Staves
 - Level 2.1 Throwing
 * Level 9.5 Armour
 - Level 2.1 Dodging


You had 10 spell levels left.
You didn't know any spells.

Dungeon Overview and Level Annotations

Branches:
Dungeon (10/15)            Temple (1/1) D:5             Orc (2/2) D:10
   Lair: D:8-11         Elf: Orc:2

Altars:
Ashenzari
Cheibriados
Dithmenos
Elyvilon
Fedhas
Kikubaaqudgha
Makhleb
Okawaru
Pakellas
Qazlal
Ru
Trog
Vehumet
Xom
Yredelemnul
Zin
The Shining One
Beogh

Shops:
D:5 *(   D:8 [}   Orc:2 [}


Innate Abilities, Weirdness & Mutations

You have hooves in place of feet.
Armour fits poorly on your strangely shaped body.
You cover ground very quickly.
You have extremely tough skin (AC +3).
You have a pair of small horns on your head.
You are surrounded by a mild repulsion field (EV +2).


Message History

You feel much better.
This wand has 1 charge left.
The ettin barely misses you. The ettin hits you with a dire flail!!
* * * LOW HITPOINT WARNING * * *
Evoke which item? (* to show all) (? for menu, Esc to quit)
Zapping:
o - a wand of heal wounds (1/9)
Press: ? - help, Shift-Dir - straight line, f - you You feel much better.
This wand has 0 charges left.
The ettin hits you with a dire flail of holy wrath!!
* * * LOW HITPOINT WARNING * * *
The ettin hits you with a dire flail!!
* * * LOW HITPOINT WARNING * * *
Read which item? (? for menu, Esc to quit)
Charge which item? (? for menu, Esc to quit)
As you read the scroll of recharging, it crumbles to dust.
Your wand of heal wounds (0/9) glows for a moment and now has 5 charges.
The ettin hits you with a dire flail of holy wrath.
* * * LOW HITPOINT WARNING * * *
The ettin hits you with a dire flail!
You die...
Fedhas appreciates your contribution to the ecosystem.

#####....# #.._..+
##......# #.....#
........########'###.#
.........#.....#.....#
....<....#.....#.#####
...).....#..⌠..))#..∩#
f........#.....#.)f..#
#........#.))).#f#...#
###......###'###@#####
f###...........#C# ..#
...........#.'.o.#
#####.........##.#..∩#
)##.###.......##+#####
#))..##.......##
.)...#.........#
...............#
....#........#.#


You could see an ettin and a friendly wandering mushroom.

Vanquished Creatures
  An orc warlord (Orc:2)
  Snorg (D:10)
  2 hydras
  Harold (D:9)
  Erica (D:10)
  Sonja (Orc:2)
  An orc knight (Orc:2)
  An ugly thing (D:8)
  Maurice (D:8)
  A troll (Orc:2)
  3 two-headed ogres
  Prince Ribbit (D:8)
  6 yaks
  Menkaure (D:6)
  2 hippogriffs
  2 wargs (Orc:1)
  5 ice beasts
  A sky beast (D:5)
  A black bear (D:7)
  5 ogres
  5 orc warriors
  A necrophage (D:5)
  4 centaurs
  4 big kobolds (D:8)
  Blork the orc (D:6)
  6 giant frogs
  12 killer bees
  7 wights
  An electric eel (D:9)
  2 crimson imps
  2 centaur zombies
  A giant frog zombie (D:9)
  A quasit (D:6)
  5 hounds
  2 jellies
  An orc priest (Orc:2)
  6 orc wizards
  A giant frog skeleton (D:8)
  2 centaur skeletons
  An iguana (D:9)
  5 worker ants
  2 sheep (D:8)
  2 hound skeletons
  10 gnolls
  10 adders
  3 shadow imps
  2 oozes
  3 adder skeletons
  3 worms
  4 giant geckos
  47 orcs
  7 giant cockroaches
  9 goblins
  11 hobgoblins
  5 jackals
  7 quokkas
  6 bats
  A giant gecko skeleton (D:6)
  2 giant gecko zombies
  4 giant newts
  11 kobolds
  A quokka skeleton (D:5)
  A quokka zombie (D:9)
  5 rats
264 creatures vanquished.

Vanquished Creatures (collateral kills)
  An orc wizard (D:10)
  3 orc priests
  3 orcs
7 creatures vanquished.

Vanquished Creatures (others)
  4 wandering mushrooms
  A plant (D:8)
  125 toadstools
130 creatures vanquished.

Grand Total: 401 creatures vanquished

Notes
Turn   | Place    | Note
--------------------------------------------------------------
     0 | D:1      | patman the Centaur Gladiator began the quest for the Orb.
     0 | D:1      | Reached XP level 1. HP: 17/17 MP: 1/1
    50 | D:1      | Reached skill level 3 in Staves
    77 | D:1      | Reached XP level 2. HP: 21/24 MP: 2/2
   737 | D:2      | Reached XP level 3. HP: 26/29 MP: 3/3
   752 | D:2      | Reached skill level 4 in Staves
  1232 | D:2      | Reached XP level 4. HP: 2/36 MP: 4/4
  2191 | D:3      | Reached skill level 5 in Staves
  2260 | D:3      | Found a glowing silver altar of Zin.
  2446 | D:3      | Reached XP level 5. HP: 35/41 MP: 5/5
  2459 | D:3      | Found an oddly glowing altar of Pakellas.
  3065 | D:4      | Found a stormy altar of Qazlal.
  3066 | D:4      | Noticed an air elemental
  3066 | D:4      | Noticed a water elemental
  3066 | D:4      | Noticed a fire elemental
  3385 | D:5      | Entered Level 5 of the Dungeon
  3385 | D:5      | Noticed a sky beast
  3474 | D:5      | Reached skill level 6 in Staves
  3655 | D:5      | Killed a sky beast
  3655 | D:5      | Reached XP level 6. HP: 39/48 MP: 6/6
  3660 | D:5      | Found Wudaof's Weapon Emporium.
  3731 | D:5      | Found Vowiq's Assorted Antiques.
  3735 | D:5      | Bought a scroll of identify for 40 gold pieces
  3738 | D:5      | Gained mutation: You are surrounded by a mild repulsion field (EV +2). [potion of beneficial mutation]
  3739 | D:5      | Gained mutation: You have a pair of small horns on your head. [potion of beneficial mutation]
  3919 | D:5      | Reached XP level 7. HP: 46/59 MP: 7/7
  4065 | D:5      | Found a shattered altar of Ashenzari.
  4098 | D:5      | Found a staircase to the Ecumenical Temple.
  4270 | Temple   | Entered the Ecumenical Temple
  4349 | Temple   | Became a worshipper of Fedhas Madash
  4482 | D:6      | Reached skill level 5 in Fighting
  4529 | D:6      | Noticed Blork the orc
  4564 | D:6      | Killed Blork the orc
  4697 | D:6      | Noticed Menkaure
  4704 | D:6      | Reached XP level 8. HP: 43/70 MP: 8/8
  4711 | D:6      | Killed Menkaure
  4711 | D:6      | Reached skill level 7 in Fighting
  5347 | D:6      | Reached skill level 8 in Fighting
  5703 | D:7      | Found an ancient bone altar of Kikubaaqudgha.
  5916 | D:7      | Reached skill level 9 in Fighting
  6735 | D:8      | Noticed Prince Ribbit
  6753 | D:8      | Reached skill level 10 in Fighting
  6753 | D:8      | Reached XP level 9. HP: 63/84 MP: 9/9
  6794 | D:8      | Found Hasuvuic's Antique Armour Emporium.
  7012 | D:8      | Reached * piety under Fedhas
  7027 | D:8      | Noticed Maurice
  7032 | D:8      | Noticed a cyan ugly thing
  7046 | D:8      | Killed a cyan ugly thing
  7046 | D:8      | Reached skill level 11 in Fighting
  7051 | D:8      | Killed Maurice
  7051 | D:8      | Reached skill level 12 in Fighting
  7161 | D:8      | Killed Prince Ribbit
  7208 | D:8      | Reached XP level 10. HP: 62/99 MP: 10/10
  7343 | D:8      | Found Tuoschaff's Gadget Shop.
  7390 | D:8      | Noticed a three-headed hydra
  7397 | D:8      | Killed a three-headed hydra
  7927 | D:9      | Reached skill level 5 in Armour
  8114 | D:9      | Noticed a six-headed hydra
  8129 | D:9      | Killed a six-headed hydra
  8421 | D:9      | Reached ** piety under Fedhas
  8562 | D:9      | Found a sacrificial altar of Ru.
  8602 | D:10     | Entered Level 10 of the Dungeon
  8612 | D:10     | Noticed Harold
  8645 | D:9      | Killed Harold
  8645 | D:9      | Reached XP level 11. HP: 60/104 MP: 11/11
  8861 | D:10     | Noticed Snorg
  8894 | D:10     | Killed Snorg
  9237 | D:10     | Noticed Erica
  9255 | D:10     | Killed Erica
  9349 | D:10     | Found a staircase to the Orcish Mines.
  9408 | Orc:1    | Entered Level 1 of the Orcish Mines
  9653 | Orc:2    | Entered Level 2 of the Orcish Mines
  9653 | Orc:2    | Noticed Sonja
  9698 | Orc:2    | Killed Sonja
  9876 | Orc:2    | Reached *** piety under Fedhas
 10334 | Orc:2    | Found a roughly hewn altar of Beogh.
 10334 | Orc:2    | Noticed an orc warlord
 10349 | Orc:2    | Killed an orc warlord
 10613 | Orc:2    | Found Jafeunia's Armour Boutique.
 10613 | Orc:2    | Noticed an orc knight
 10642 | Orc:2    | Killed an orc knight
 10807 | Orc:2    | Found Tuopp's Gadget Shop.
 10807 | Orc:2    | Noticed an orc knight
 10807 | Orc:2    | Noticed an ettin
 10837 | Orc:2    | HP: 2/105 [ettin/dire flail of holy wrath (4)]
 10837 | Orc:2    | Mangled by an ettin

Vault maps used:
D:1:      dpeg_arrival_pits, roderic_greek_sauvastika
D:3:      lemuel_coloured_pillars_altar, zin_scriptorium
D:4:      nicolae_qazlal_style_of_elements
D:5:      lemuel_round_altar, temple_hall, first_bread, serial_glass,
          glass_columns_a, glass_columns_b, serial_shops, nicolae_shop_stone,
          nicolae_shop_trees
D:6:      uniq_menkaure, uniq_blork_the_orc
D:7:      basic_altar, corexii_checkpoint_b
D:8:      minmay_distorted_concentric_squares, minitemple, serial_shops,
          shop_statue, shop, hangedman_ranch, uniq_prince_ribbit1, uniq_maurice
D:9:      wad_river_or_something, serial_undead, serial_undead_f,
          serial_undead_c, serial_undead_e, serial_undead_a,
          nicolae_ru_path_of_blood
D:10:     orc_0_dummy, corexii_corridor_pit, uniq_snorg, uniq_joseph,
          uniq_erica, uniq_harold
Temple:   nicolae_temple_god_jail
Orc:2:    pubby_orc_utopia, uniq_sonja

Action                   |  1- 3 |  4- 6 |  7- 9 | 10-12 || total
-------------------------+-------+-------+-------+-------++-------
Melee: Quarterstaff      |   112 |   155 |   298 |   389 ||   954
Throw: Tomahawk          |       |    13 |     8 |     4 ||    25
Invok: Evolution         |       |       |       |     5 ||     5
Evoke: Wand              |       |       |       |    15 ||    15
  Use: Potion            |     1 |     2 |     1 |     3 ||     7
       Scroll            |       |    10 |     7 |     6 ||    23
 Stab: Confused          |       |       |       |     2 ||     2
  Eat: Chunk             |       |     8 |     4 |       ||    12
       Royal jelly       |       |       |     1 |       ||     1
       Beef jerky        |       |       |     1 |       ||     1
       Meat ration       |       |       |       |     3 ||     3
